 Dungeon Crawl Stone Soup version 0.31-a0-232-gb1c03b2570 (webtiles) character file.

Game seed: 3899826196976667501

68 qw the Shooter (level 4, -9/36 HPs)
             Began as a Minotaur Hexslinger on July 7, 2023.
             Killed by nerve-wracking pain
             ... invoked by an orc priest
              (12 damage)
             ... on level 2 of the Dungeon.
             The game lasted 00:00:35 (1480 turns).

qw the Shooter (Minotaur Hexslinger)                Turns: 1480, Time: 00:00:36

Health: -9/36      AC:  3    Str: 13    XL:     4   Next: 1%
Magic:  4/4        EV: 12    Int: 10    God:
Gold:   88         SH:  0    Dex: 14    Spells: 4/5 levels left

rFire   . . .        Y - +2 sling
rCold   . . .        (no shield)
rNeg    . . .        g - +0 leather armour
rPois   .            (helmet restricted)
rElec   .            (no cloak)
rCorr   .            (no gloves)
SInv    .            (no boots)
Will    .....        (no amulet)
Stlth   +            (no ring)
HPRegen 0.26/turn    (no ring)
MPRegen 0.09/turn

%: clarity
@: no status effects
A: horns 2, retaliatory headbutt, hooves 1, clarity
a: no special abilities


You were on level 2 of the Dungeon.
You visited 1 branch of the dungeon, and saw 3 of its levels.

You collected 88 gold pieces.


Innate Abilities, Weirdness & Mutations

You have a pair of horns on your head.
You reflexively headbutt those who attack you in melee.
You have large cloven feet.
You possess an exceptional clarity of mind.


   Skills:
 - Level 2.0 Fighting
 + Level 4.5 Ranged Weapons
 - Level 2.1 Dodging
 - Level 1.0 Spellcasting
 - Level 2.0 Hexes


You had 4 spell levels left.
You knew the following spells:

 Your Spells              Type           Power      Damage    Failure   Level
a - Slow                  Hex            16%        N/A       19%         1

Your spell library contained the following spells:

 Spells                   Type           Power      Damage    Failure   Level
 Inner Flame              Hex/Fire       2%         N/A       65%         3
 Portal Projectile        Hex/Tloc       4%         N/A       65%         3
 Cause Fear               Hex            2%         N/A       88%         4

Inventory:

Hand Weapons
 Y - a +2 sling (weapon)
Armour
 g - a +0 leather armour (worn)
Scrolls
 a - a scroll of identify
Potions
 b - a potion of ambrosia {unknown}
 d - a potion of curing
 e - a potion of might {unknown}
 f - a potion of mutation
 h - a potion of magic {unknown}
 i - a potion of brilliance {unknown}

Dungeon Overview and Level Annotations

Branches:
Dungeon (3/15)

Altars:
Sif Muna

Annotations:
D:2 1 runed translucent door, Crazy Yiuf


Message History

You headbutt the orc priest. You shoot a sling bullet.
The sling bullet closely misses the orc priest.
The orc priest hits you but does no damage.
The orc priest barely misses you. You furiously retaliate!
You headbutt the orc priest! You shoot a sling bullet.
The sling bullet barely misses the orc priest.
The orc priest hits you with a +0 mace.
You shoot a sling bullet. The sling bullet hits the orc priest.
You kill the orc priest!
Your Ranged Weapons skill increases to level 4!
You have reached level 4!
You feel stronger.
You start resting.
HP restored.
Done exploring.
(D) Dungeon
Where to? (* - list waypoints, Enter - D:3, ? - help)
What level of the Dungeon? (default 1, ? - help)
You climb downwards.
There is a stone staircase leading up here.
There are monsters nearby!
You shoot a sling bullet.
The sling bullet hits the orc priest but does no damage.
The orc priest hits you with a +0 whip! The orc hits you with a +0 short sword.
The orc priest calls down the wrath of Beogh upon you.
Pain shoots through your body! The orc hits you with a +0 short sword.
1478 ||| STAIRDANCE The orc priest calls down the wrath of Beogh upon you.
Beogh smites you! The orc barely misses you.
You climb upwards.
Level annotation: 1 runed translucent door, Crazy Yiuf
There is a stone staircase leading down, spattered with blood here.
You see here a +0 robe.
You shoot a sling bullet. The sling bullet hits the orc priest.
The orc priest is lightly wounded.
The orc barely misses you. You furiously retaliate!
You headbutt the orc.
The orc priest mumbles some strange prayers to Beogh against you.
Pain shoots through your body!
You die...

#.......# #.......#
######### #......^#
........########.......#
#######................#
##########...)...#
#....(..# #[o.....#
#@o.....# #########


You could see an orc priest and an orc.

Vanquished Creatures
  An orc priest (D:2)
  A worm (D:2)
  An orc (D:3)
  3 ball pythons
  5 endoplasms
  5 hobgoblins (D:1)
  2 jackals (D:2)
  3 kobolds
  3 quokkas
  2 bats
  A frilled lizard (D:2)
  A goblin (D:2)
  4 rats
32 creatures vanquished.

Notes
Turn   | Place    | Note
-------+----------+-------------------------------------------
     0 | D:1      | qw the Minotaur Hexslinger began the quest for the Orb.
     0 | D:1      | Reached XP level 1. HP: 16/16 MP: 1/1
     0 | D:1      | 0 ||| qw: Version: 0.3-a-46-gb1f654a
     0 | D:1      | 0 ||| qw: Game counter: 2223
     0 | D:1      | 0 ||| qw: Melee chars always use a shield: true
     0 | D:1      | 0 ||| qw: God list: Okawaru
     0 | D:1      | 0 ||| qw: Allow faded altars: false
     0 | D:1      | 0 ||| qw: Do Orc after clearing Dungeon:15 true
     0 | D:1      | 0 ||| qw: Do second Lair branch before Depths: true
     0 | D:1      | 0 ||| qw: Lair rune preference: random
     0 | D:1      | 0 ||| qw: Goals: Normal
     0 | D:1      | 0 ||| PLANNING D:1-11
   126 | D:1      | Reached skill level 3 in Ranged Weapons
   193 | D:1      | Reached XP level 2. HP: 23/23 MP: 2/2
   764 | D:1      | 764 ||| READING scroll labelled OJUUZETANA.
   765 | D:1      | 765 ||| DROPPING scroll of poison.
   908 | D:2      | Found a shimmering blue altar of Sif Muna.
   955 | D:2      | Reached XP level 3. HP: 29/29 MP: 3/3
  1084 | D:2      | Found a runed translucent door.
  1085 | D:2      | Noticed Crazy Yiuf
  1122 | D:2      | 1122 ||| READING scroll labelled OSEKAICHUR.
  1123 | D:2      | 1123 ||| READING scroll labelled GYFYIT ALLASTRE.
  1124 | D:2      | 1124 ||| READING scroll labelled EPTEPO FAMOAMN.
  1125 | D:2      | 1125 ||| READING 2 scrolls of identify.
  1125 | D:2      | 1125 ||| IDENTIFYING fuming ruby potion
  1289 | D:3      | 1289 ||| FLEEEEING.
  1291 | D:3      | 1291 ||| FLEEEEING.
  1292 | D:3      | 1292 ||| FLEEEEING.
  1293 | D:3      | 1293 ||| FLEEEEING.
  1294 | D:3      | 1294 ||| FLEEEEING.
  1295 | D:3      | 1295 ||| FLEEEEING.
  1296 | D:3      | 1296 ||| FLEEEEING.
  1297 | D:3      | 1297 ||| FLEEEEING.
  1308 | D:3      | 1308 ||| FLEEEEING.
  1309 | D:3      | 1309 ||| FLEEEEING.
  1310 | D:3      | 1310 ||| FLEEEEING.
  1311 | D:3      | 1311 ||| FLEEEEING.
  1312 | D:3      | 1312 ||| FLEEEEING.
  1313 | D:3      | 1313 ||| FLEEEEING.
  1314 | D:3      | 1314 ||| STAIRDANCE
  1339 | D:2      | 1339 ||| UPGRADING to +0 leather armour.
  1349 | D:2      | 1349 ||| DROPPING +0 robe.
  1350 | D:2      | 1350 ||| DRINKING 2 red potions.
  1350 | D:2      | Gained mutation: You have large cloven feet. [potion of
                  | mutation]
  1350 | D:2      | Gained mutation: You possess an exceptional clarity of
                  | mind. [potion of mutation]
  1354 | D:3      | 1354 ||| STAIRDANCE
  1412 | D:3      | 1412 ||| STAIRDANCE
  1419 | D:2      | Reached skill level 4 in Ranged Weapons
  1419 | D:2      | Reached XP level 4. HP: 21/36 MP: 4/4
  1478 | D:3      | 1478 ||| STAIRDANCE
  1478 | D:3      | HP: 2/36 [orc priest/divine providence (12)]
  1480 | D:2      | Killed from afar by an orc priest

Levels and vault maps discovered:
D:1:      minmay_arrival_shoal_huts, layout_loops_ring, serial_park_tiny_pond,
          minmay_3d_cube
D:2:      layout_rooms, basic_altar, uniq_crazy_yiuf_cottage
D:3:      layout_loops_ring, minmay_pentangle

Skill      XL: |  1  2  3 |
---------------+----------+-----
Ranged Weapons | 3 4 |  4.5
Fighting       | 2 |  2.0
Dodging        | |  2.1
Spellcasting   | |  1.0
Hexes          | |  2.0

Action                     |  1- 3 |  4- 6 || total
---------------------------+-------+-------++-------
   Fire: Sling             |   111 |     2 ||   113
    Use: Scroll            |     5 |       ||     5
         Potion            |     1 |       ||     1
 Armour: Robe              |     5 |       ||     5
         Leather armour    |     2 |       ||     2
  Dodge: Dodged            |    27 |     2 ||    29

Table legend:
 A = Non-vault XP
 B = Vault XP
 C = Vault XP percentage of total XP
 D = Non-vault monster count
 E = Vault monster count
 F = Vault count percentage of total count
                 A         B        C        D         E       F
            +---------+---------+-------+---------+---------+-------
      Total |      95 |       3 |   3.1 |      30 |       2 |   6.2
            +---------+---------+-------+---------+---------+-------
        D:1 |      28 |       3 |   9.7 |      15 |       2 |  11.8
        D:2 |      62 |       0 |   0.0 |      13 |       0 |   0.0
        D:3 |       5 |       0 |   0.0 |       2 |       0 |   0.0
            +---------+---------+-------+---------+---------+-------
